Map: Shipwrecked LE

Players

CYNOGIC - Winner!

  • Race: Terran Terran
  • League: Gold
  • Spawn Location: 9:00

aha - Winner!

  • Race: Terran Terran
  • Spawn Location: 11:00

Maurilio - Winner!

  • Race: Protoss Protoss
  • Spawn Location: 12:00

JulinhoBR - Winner!

  • Race: Terran Terran
  • Spawn Location: 9:00

Dtfenixstvdr

  • Race: Protoss Protoss
  • Spawn Location: 5:00

Toschi

  • Race: Zerg Zerg
  • Spawn Location: 6:00

shadowstrike

  • Race: Zerg Zerg
  • Spawn Location: 5:00

Milktooth

  • Race: Protoss Protoss
  • League: Silver
  • Spawn Location: 3:00

VOD

Have the link to the VOD?

Description

Time

  • Played on: June 23, 2022, 2:02 p.m.
  • Length: 29:28
Show
View Real Time Build Order
Export as new Build Order

CYNOGIC Terran - Winner!

Build Orders: 2 Factory 

Get SALT Encoding   

  12  0:00  SCV  
  13  0:13  SCV  
  14  0:23  Supply Depot  
  14  0:26  SCV  
  15  0:43  Refinery  
  15  0:45  SCV  
  16  0:56  Barracks  
  16  0:58  SCV  
  17  1:12  Refinery, SCV  
  18  1:28  SCV  
  19  1:40  SCV  
  19  1:45  Marine  
  21  1:54  SCV  
  21  1:56  Factory  
  22  2:10  Orbital Command  
  22  2:17  Factory  
  22  2:45  SCV  
  22  2:47  Factory Reactor  
  22  2:51  Supply Depot  
  23  3:12  SCV  
  24  3:16  Factory Tech Lab  
  24  3:22  Supply Depot  
  24  3:24  SCV  
  24  3:30  Hellion  
  24  3:31  Hellion  
  28  3:39  Siege Tank  
  31  3:43  Infernal Pre-Igniter  
  31  3:45  SCV  
  32  3:49  Supply Depot  
  32  3:59  Hellion x2  
  36  4:08  SCV  
  37  4:12  Supply Depot  
  37  4:22  SCV  
  42  4:24  Hellion x2  
  42  4:28  Siege Tank  
  45  4:35  Supply Depot  
  45  4:41  SCV  
  50  4:45  Hellion x2  
  50  4:53  SCV  
  50  4:58  Supply Depot  
  51  5:29  SCV  
  51  5:30  Siege Tank  
  51  5:31  Hellion x2  
  59  5:41  SCV  
  60  5:49  Starport  
  60  5:53  SCV  
  61  6:05  SCV  
  61  6:08  Hellion x3  
  68  6:16  Command Center  
  68  6:17  SCV  
  69  6:29  SCV  
  70  6:37  Supply Depot  
  70  6:41  SCV  
  70  6:44  Viking  
  73  6:53  SCV  
  72  7:05  SCV  
  69  7:11  Widow Mine  
  69  7:12  Widow Mine x2  
  65  7:21  Armory  
  65  7:23  SCV  
  66  7:33  Widow Mine x3, Engineering Bay  
  66  7:34  Orbital Command  
  66  7:35  SCV  
  73  7:47  Supply Depot  
  73  7:49  Starport Reactor  
  73  7:52  SCV  
  73  7:54  Hellion x2  
  78  8:05  SCV  
  79  8:06  SCV  
  79  8:11  Drilling Claws  
  79  8:12  Supply Depot  
  80  8:14  Widow Mine  
  80  8:16  Widow Mine  
  84  8:21  SCV  
  84  8:24  Refinery  
  84  8:27  Refinery  
  85  8:32  SCV, Missile Turret  
  86  8:36  SCV  
  87  8:44  SCV  
  88  8:50  Widow Mine x2  
  88  8:52  Viking, Missile Turret  
  88  8:53  Viking  
  88  8:55  Thor  
  96  8:56  SCV  
  96  9:00  Supply Depot  
  100  9:10  SCV x2  
  102  9:17  Missile Turret  
  102  9:22  SCV  
  102  9:23  SCV  
  104  9:25  Hellion x2  
  104  9:27  Medivac  
  104  9:29  Medivac  
  112  9:34  SCV  
  112  9:35  Supply Depot, SCV  
  112  9:37  Terran Vehicle Weapons Level 1  
  114  9:47  SCV  
  115  10:04  SCV  
  116  10:09  SCV  
  116  10:10  Thor  
  116  10:12  Widow Mine x2  
  116  10:13  Viking x2  
  125  10:53  Thor  
  105  11:15  Viking x2  
  109  11:36  Thor  
  115  11:50  Widow Mine x2  
  115  11:51  Viking  
  115  11:52  Viking, SCV  
  115  11:53  SCV  
  125  11:56  Supply Depot  
  125  12:05  SCV x2  
  127  12:11  Widow Mine  
  127  12:15  Hellion  
  131  12:19  Thor  
  137  12:26  SCV  
  138  12:33  Hellion  
  138  12:34  Viking  
  142  12:42  Supply Depot  
  142  12:46  Terran Vehicle Weapons Level 2  
  142  12:47  Viking, Hellion  
  142  12:49  Supply Depot  
  146  12:52  Supply Depot  
  146  12:54  Hellion  
  148  13:02  Widow Mine  
  150  13:09  Widow Mine  
  152  13:20  Hellion  
  152  13:22  Viking x2  
  152  13:23  SCV, Hellion  
  161  13:27  Supply Depot  
  161  13:29  Supply Depot  
  161  13:30  Hellion  
  161  13:32  Supply Depot  
  163  13:55  Thor  
  163  13:59  Hellion x2  
  163  14:01  Viking x2  
  168  14:38  Thor  
  174  15:17  SCV  
  175  15:57  Command Center  
  175  16:07  Viking  
  175  16:08  Widow Mine, Viking  
  175  16:10  Widow Mine  
  173  16:11  Thor  
  173  16:14  Supply Depot  
  173  16:16  Missile Turret  
  173  16:17  Missile Turret  
  175  16:19  Supply Depot, Missile Turret  
  175  16:21  Supply Depot  
  175  16:30  Widow Mine  
  175  16:31  Widow Mine  
  179  16:37  Viking  
  181  16:43  Viking  
  183  16:51  Widow Mine  
  183  16:53  Widow Mine  
  187  16:54  Thor  
  193  17:07  Viking  
  195  17:13  Widow Mine, Viking  
  167  18:04  Thor  
  173  18:07  Viking x2  
  173  18:10  Widow Mine x2  
  181  18:14  Planetary Fortress  
  181  18:17  Refinery  
  181  18:20  Refinery  
  181  18:31  Widow Mine x2  
  185  18:48  Widow Mine  
  129  19:53  Thor  
  129  19:56  Viking x2  
  129  19:58  Widow Mine x2  
  143  20:32  Widow Mine  
  143  20:33  Widow Mine  
  147  20:35  Thor  
  153  21:02  Viking x2  
  157  21:32  Viking x2  
  161  21:49  Thor  
  167  22:02  Viking x2  
  140  22:31  Viking  
  140  22:32  Thor  
  143  22:48  Command Center  
  143  22:54  Widow Mine x2  
  143  22:56  Viking  
  149  23:01  Viking  
  151  23:15  Thor  
  157  23:35  Viking x2  
  157  23:39  Widow Mine  
  157  23:40  Widow Mine  
  159  23:58  Thor  
  155  24:26  Viking x2  
  155  24:30  Widow Mine x2  
  151  24:41  Thor  
  111  25:38  Widow Mine  
  109  26:17  Starport  
  109  26:18  Banshee  
  112  26:20  Cloaking Field  
  112  26:28  Planetary Fortress  
  112  26:42  Starport  
  112  26:57  Factory Tech Lab, Starport Tech Lab  
  112  27:08  Banshee  
  109  27:33  Starport Tech Lab  
  109  27:36  Banshee  
  112  27:51  Banshee  
  109  28:20  Banshee x2  
  115  28:33  Banshee  
Show
View Real Time Build Order
Export as new Build Order

aha Terran - Winner!

Build Orders:  

Get SALT Encoding   

  12  0:08  SCV  
  13  0:26  Refinery  
  13  0:30  Supply Depot  
  13  0:32  Refinery  
  13  0:37  SCV  
  14  1:02  Barracks  
  14  1:09  SCV  
  15  1:30  SCV  
  16  1:42  SCV  
  17  1:53  Barracks Tech Lab  
  17  1:56  Ghost Academy  
  17  2:01  Factory  
  17  2:25  Ghost  
  17  2:28  Personal Cloaking  
  19  2:53  Starport  
  19  3:06  Ghost Academy  
  19  3:22  Ghost Academy  
  19  3:23  SCV  
  20  3:36  Medivac  
  22  3:49  Nuke  
  22  3:57  Nuke  
  22  4:25  Nuke  
  22  4:27  Orbital Command  
  22  4:40  Supply Depot  
  22  4:43  Enhanced Shockwaves  
  22  5:28  Nuke  
  22  5:57  Nuke  
  22  6:01  Nuke  
  22  6:02  Ghost  
  24  6:24  Nuke  
  24  6:49  Nuke  
  22  7:04  Ghost  
  24  7:21  Nuke  
  24  7:42  Nuke  
  24  7:47  Factory Reactor  
  22  8:11  Factory  
  22  8:43  Widow Mine x2  
  22  8:46  Barracks Reactor  
  26  8:57  Supply Depot x2  
  26  9:05  Widow Mine x2  
  30  9:15  Widow Mine  
  30  9:26  Widow Mine x2  
  34  9:31  Factory  
  34  9:36  Widow Mine  
  36  9:47  Widow Mine  
  36  9:48  Widow Mine  
  36  9:51  Command Center  
  40  9:58  Widow Mine  
  34  10:09  Widow Mine x2  
  34  10:16  Widow Mine  
  34  10:19  Widow Mine  
  36  10:30  Widow Mine  
  36  10:31  Widow Mine  
  40  10:38  Widow Mine  
  40  10:40  Widow Mine  
  36  10:52  Widow Mine  
  36  10:53  Widow Mine  
  32  10:59  Widow Mine  
  32  11:02  Widow Mine  
  30  11:13  Widow Mine  
  32  15:12  Nuke  
Show
View Real Time Build Order
Export as new Build Order

Maurilio Protoss - Winner!

Build Orders: 1 Gate Expand, Forge Fast Expand (FFE) 

Get SALT Encoding   

  12  0:03  Probe (Chrono Boost)  
  13  0:13  Probe (Chrono Boost)  
  14  0:21  Pylon  
  14  0:25  Probe  
  15  0:41  Gateway  
  15  0:51  Forge  
  15  1:22  Nexus  
  15  1:34  Photon Cannon  
  15  1:42  Pylon  
  15  2:05  Photon Cannon  
  15  2:13  Probe (Chrono Boost)  
  16  2:18  Assimilator  
  16  2:22  Assimilator, Probe (Chrono Boost)  
  17  2:27  Probe (Chrono Boost)  
  18  2:32  Cybernetics Core  
  18  2:34  Assimilator  
  18  2:58  Pylon  
  17  3:28  Stalker  
  19  3:38  Gateway  
  19  3:51  Protoss Ground Weapons Level 1 (Chrono Boost)  
  19  3:56  Warp Gate (Chrono Boost)  
  19  4:05  Stalker  
  21  4:20  Robotics Facility  
  19  4:32  Stalker  
  21  4:47  Probe  
  21  4:52  Pylon  
  22  4:59  Probe  
  23  5:11  Probe  
  24  5:17  Nexus  
  24  5:23  Probe  
  25  5:35  Immortal  
  29  5:48  Assimilator  
  29  6:02  Protoss Ground Armor Level 1 (Chrono Boost)  
  29  6:21  Gateway  
  29  6:23  Gateway  
  29  6:41  Observer  
  30  6:55  Gateway  
  30  6:59  Forge  
  31  7:03  Probe (Chrono Boost)  
  31  7:05  Probe (Chrono Boost)  
  34  7:16  Probe (Chrono Boost)  
  34  7:18  Probe (Chrono Boost)  
  34  7:21  Probe (Chrono Boost)  
  34  7:22  Photon Cannon  
  35  7:25  Probe  
  36  7:31  Probe  
  36  7:33  Photon Cannon  
  37  7:37  Probe  
  38  7:54  Twilight Council  
  38  7:56  Pylon  
  38  8:05  Protoss Shields Level 1 (Chrono Boost)  
  38  8:24  Stalker x2  
  38  8:25  Stalker x3  
  48  8:34  Protoss Ground Weapons Level 2 (Chrono Boost)  
  48  8:41  Blink  
  48  8:48  Immortal  
  52  8:52  Probe x2  
  54  9:04  Probe  
  55  9:29  Stalker x3  
  61  9:46  Pylon  
  61  9:49  Sentry x2  
  49  10:11  Pylon  
  28  10:25  Stalker x4  
  28  10:26  Stalker  
  19  10:52  Zealot  
  18  11:17  Pylon  
  18  11:19  Pylon  
  18  11:20  Assimilator  
  18  11:34  Zealot  
  20  11:44  Cybernetics Core  
  20  11:46  Gateway  
  20  11:48  Gateway  
  20  11:59  Dark Shrine  
  20  12:35  Protoss Ground Armor Level 2 (Chrono Boost)  
  20  12:42  Pylon  
  20  12:45  Pylon  
  20  12:53  Forge  
  20  12:55  Stalker x3  
  26  13:03  Gateway  
  26  13:06  Gateway  
  26  13:11  Photon Cannon  
  26  13:19  Pylon  
  26  13:26  Protoss Ground Weapons Level 3 (Chrono Boost)  
  26  13:35  Nexus  
  26  13:38  Dark Templar x3  
  32  13:51  Photon Cannon  
  32  13:53  Photon Cannon  
  32  14:11  Dark Templar  
  32  14:16  Zealot x2  
  32  14:17  Zealot x2  
  42  14:23  Assimilator  
  42  14:27  Assimilator  
  42  14:44  Stalker x4  
  42  14:45  Stalker  
  47  15:41  Stalker x3  
  25  16:34  Dark Templar x2  
  25  16:37  Zealot x3  
  25  17:43  Dark Templar x3  
  27  18:17  Nexus  
  23  19:38  Nexus  
  13  20:58  Probe (Chrono Boost)  
  14  21:10  Probe (Chrono Boost)  
  16  21:19  Probe (Chrono Boost)  
  16  21:34  Probe  
  17  21:49  Dark Templar  
  19  22:11  Dark Templar x2  
  23  22:43  Dark Templar  
  25  22:46  Dark Templar  
  25  22:47  Probe  
  20  24:13  Dark Templar x2  
  20  24:14  Dark Templar  
  26  24:31  Pylon  
  26  24:35  Gateway  
  26  24:42  Gateway  
  26  25:09  Dark Templar x3  
  30  25:47  Pylon  
  30  26:06  Dark Templar x2  
  30  26:07  Dark Templar x2  
  30  26:10  Dark Templar  
  24  27:43  Dark Templar x5  
Show
View Real Time Build Order
Export as new Build Order

JulinhoBR Terran - Winner!

Build Orders:  

Get SALT Encoding   

  12  0:13  Supply Depot  
  12  0:19  Supply Depot  
  12  0:24  SCV  
  13  0:36  SCV  
  14  0:47  Barracks  
  14  1:00  SCV  
  15  1:12  SCV  
  16  1:24  SCV  
  17  1:35  Marine  
  17  1:36  SCV  
  19  1:48  SCV  
  19  1:53  Marine, Command Center  
  21  2:00  SCV  
  22  2:11  Marine  
  22  2:12  SCV  
  24  2:18  Refinery  
  24  2:20  Engineering Bay  
  24  2:27  Supply Depot  
  24  2:29  Marine  
  25  2:47  Marine  
  26  3:05  Marine  
  27  3:22  Marine  
  26  3:40  Marine  
  27  3:58  Marine  
  28  4:05  Barracks  
  28  4:06  SCV  
  29  4:12  Refinery  
  29  4:16  Barracks x2, Marine  
  30  4:18  SCV  
  31  4:30  SCV  
  29  4:42  SCV  
  30  4:54  SCV, Missile Turret  
  30  4:55  Missile Turret  
  30  4:59  Hi-Sec Auto Tracking  
  30  5:16  Missile Turret  
  30  5:18  Missile Turret  
  30  5:23  Barracks Tech Lab  
  30  5:24  Barracks Tech Lab  
  30  5:25  Barracks Tech Lab, Marine  
  31  5:39  Orbital Command  
  30  5:43  Marine  
  31  5:58  Missile Turret  
  31  6:01  Marine  
  31  6:03  Missile Turret  
  32  6:15  SCV x2  
  34  6:19  Marine  
  34  6:21  Terran Infantry Weapons Level 1  
  34  6:25  Concussive Shells, Missile Turret  
  35  6:27  SCV x2, Stimpack  
  37  6:37  Marine  
  37  6:39  SCV x2  
  40  6:45  Marine x3  
  43  6:50  Barracks  
  43  6:51  SCV x2  
  45  6:55  Marine  
  46  7:03  Marine, SCV  
  46  7:04  SCV  
  46  7:05  Missile Turret  
  49  7:15  Refinery, SCV  
  49  7:16  SCV  
  49  7:19  Factory  
  51  7:24  Refinery  
  51  7:26  Sensor Tower  
  51  7:28  SCV x2  
  53  7:40  SCV  
  54  7:45  Barracks Reactor  
  54  7:47  Supply Depot  
  54  8:01  Supply Depot  
  54  8:08  Orbital Command  
  54  8:09  Marauder x2, Supply Depot, SCV  
  59  8:19  Starport  
  59  8:21  Starport, SCV  
  59  8:25  Factory Tech Lab  
  60  8:33  Supply Depot, SCV  
  61  8:45  SCV  
  62  8:51  Supply Depot  
  62  8:53  Barracks Reactor  
  62  8:57  SCV  
  63  9:08  Siege Tank  
  66  9:10  Missile Turret  
  66  9:19  Starport Reactor x2  
  66  9:22  Marine x3  
  69  9:26  Missile Turret  
  69  9:31  Missile Turret  
  69  9:42  Combat Shield  
  69  9:58  Medivac x2  
  69  9:59  Medivac x2  
  77  10:08  Siege Tank  
  77  10:13  Terran Infantry Armor Level 1  
  80  10:15  Marauder x3  
  80  10:16  Marine  
  80  10:17  Marine x3  
  90  10:28  Medivac x2  
  90  10:31  Missile Turret  
  94  10:51  Missile Turret  
  94  11:16  Marine  
  94  11:25  Marine  
  94  11:26  Marauder, Marine x2  
  93  11:34  Marine  
  93  11:35  Marauder  
  93  11:37  Medivac x2  
  93  11:39  Medivac, Marauder  
  93  11:43  Marine x2  
  82  11:52  Marine x3  
  81  11:57  Marauder  
  81  12:00  Viking  
  81  12:01  Marauder, Marine x2  
  87  12:07  Viking x2  
  93  12:09  Marine  
  94  12:17  Marauder, Marine, Viking  
  94  12:18  Marauder  
  94  12:19  Marine x2  
  94  12:22  Marauder  
  105  12:27  Marine  
  106  12:30  Viking  
  106  12:34  Marine  
  106  12:36  Marine  
  110  12:37  Marine, Viking x2  
  110  12:39  Marauder  
  117  12:47  Viking  
  119  12:55  Marine x5  
  119  12:56  Marine  
  119  12:57  Missile Turret  
  125  12:58  Missile Turret  
  125  12:59  Marine, Missile Turret  
  126  13:29  Missile Turret  
  126  13:33  Missile Turret  
  126  13:34  Marine  
  126  13:39  Marine  
  126  13:53  Marine  
  126  13:56  Marine x4  
  126  13:57  Medivac, Viking  
  126  13:58  Medivac  
  126  13:59  Medivac  
  62  14:57  Barracks Tech Lab  
  62  14:58  Barracks Reactor  
  62  14:59  Marauder  
  58  15:00  Marauder x2  
  54  15:21  Marauder x2  
  57  15:36  Viking x4  
  65  15:52  Marine  
  65  15:53  Marine x3  
  69  15:57  Command Center  
  69  16:06  Viking x4  
  69  16:11  Marauder x4  
  85  16:32  Marauder  
  87  16:35  Neosteel Armor  
  87  16:39  Supply Depot  
  87  16:41  Supply Depot  
  87  16:48  Marauder x2, Viking x2  
  95  17:01  Marauder x2, Viking x2  
  103  17:09  Marauder  
  105  17:18  Viking x2  
  108  17:31  Viking  
  93  18:08  Orbital Command  
  93  18:09  Missile Turret  
  93  18:11  Marauder x3  
  93  18:12  Marauder  
  101  18:31  Missile Turret  
  101  18:32  Marauder  
  101  18:33  Marauder x3  
  61  19:28  Marauder  
  61  19:29  Marauder x3  
  63  19:50  Marauder x4  
  63  19:52  Medivac x4  
  79  20:06  Missile Turret  
  79  20:10  Refinery  
  79  20:11  Marauder x3  
  79  20:12  Marauder  
  87  20:22  Medivac x2  
  87  20:26  Missile Turret  
  91  20:33  Marauder x4  
  99  20:42  Barracks  
  99  20:45  Missile Turret  
  91  20:50  Medivac x2  
  91  20:52  Medivac x2  
  91  20:54  Marauder x4  
  97  21:15  Marauder, Marine x3  
  102  21:20  Medivac x2  
  88  21:33  Marine  
  81  22:01  Marauder x4  
  89  22:14  Barracks Reactor  
  89  22:18  Barracks  
  89  22:22  Marauder x4  
  97  22:43  Marauder x2  
  97  22:44  Marauder x2  
  105  23:05  Marauder x2  
  109  23:10  Barracks Reactor  
  109  23:16  Supply Depot  
  109  23:21  Marauder x2  
  109  23:24  Marine x2  
  109  23:26  Marauder x2  
  119  23:27  Refinery  
  119  23:28  Refinery  
  119  23:38  Hellion  
  119  23:40  Supply Depot  
  121  23:42  Marauder  
  121  23:43  Marauder  
  121  23:45  Orbital Command  
  121  23:47  Marauder  
  121  23:48  Marauder  
  127  24:03  Supply Depot  
  127  24:04  Marauder x2  
  127  24:09  Marauder x2  
  135  24:12  Marine  
  135  24:13  Marine x3  
  138  24:25  Marauder x2  
  138  24:30  Marauder x2, Marine x2  
  138  24:31  Marine x2  
  150  24:54  Marauder, Marine x5  
  157  25:05  Engineering Bay  
  157  25:09  Marine x2  
  157  25:12  Marine x5  
  164  25:15  Marine  
  165  25:27  Marine x2  
  167  25:30  Marine x5  
  167  25:33  Marine  
  173  25:45  Marine x2  
  175  26:05  Command Center  
  170  26:26  Starport x2  
  170  26:29  Starport  
  168  27:00  Starport Tech Lab  
  168  27:03  Starport Tech Lab  
  168  27:08  Starport Tech Lab x3  
  168  27:44  Banshee x4  
  168  27:45  Banshee  
  85  28:27  Banshee x5  
  93  28:48  Orbital Command  
Show
View Real Time Build Order
Export as new Build Order

Dtfenixstvdr Protoss 

Build Orders:  

Get SALT Encoding   

  12  0:03  Probe (Chrono Boost)  
  13  0:16  Pylon, Probe (Chrono Boost)  
  14  0:28  Probe  
  15  0:38  Gateway  
  15  0:41  Probe  
  16  0:47  Assimilator  
  16  0:54  Assimilator, Probe (Chrono Boost)  
  17  1:03  Pylon  
  17  1:07  Probe (Chrono Boost)  
  18  1:14  Probe (Chrono Boost)  
  19  1:22  Probe  
  20  1:28  Cybernetics Core  
  20  1:35  Probe  
  21  1:47  Probe  
  22  2:00  Probe  
  23  2:12  Probe (Chrono Boost)  
  23  2:14  Nexus  
  24  2:25  Probe (Chrono Boost)  
  25  2:32  Assimilator  
  25  2:36  Assimilator  
  25  2:41  Stargate  
  25  2:48  Probe  
  26  2:53  Stargate  
  26  3:04  Probe  
  27  3:09  Pylon  
  27  3:20  Probe (Chrono Boost)  
  27  3:26  Stargate  
  28  3:30  Probe (Chrono Boost)  
  28  3:32  Probe (Chrono Boost)  
  30  3:38  Probe  
  31  3:42  Probe  
  33  3:55  Probe  
  33  4:01  Void Ray  
  37  4:23  Void Ray  
  45  4:25  Probe (Chrono Boost)  
  45  4:28  Void Ray  
  45  4:31  Probe (Chrono Boost)  
  47  4:37  Probe (Chrono Boost)  
  48  4:39  Pylon  
  48  4:40  Probe (Chrono Boost)  
  48  4:43  Pylon  
  54  4:54  Probe (Chrono Boost), Void Ray (Chrono Boost)  
  54  4:58  Probe (Chrono Boost)  
  54  4:59  Protoss Air Weapons Level 1 (Chrono Boost)  
  55  5:02  Probe (Chrono Boost)  
  55  5:04  Pylon  
  61  5:08  Void Ray (Chrono Boost)  
  64  5:27  Stargate, Void Ray (Chrono Boost)  
  64  5:29  Probe  
  64  5:30  Fleet Beacon  
  64  5:31  Probe  
  70  5:44  Void Ray  
  70  5:52  Oracle  
  73  5:57  Forge, Probe  
  74  6:25  Oracle  
  74  6:30  Probe  
  78  6:40  Photon Cannon  
  78  6:43  Photon Cannon  
  78  7:20  Pylon  
  78  7:21  Pylon x3  
  78  7:27  Nexus  
  78  7:38  Probe  
  91  7:44  Void Ray  
  91  7:45  Void Ray x2  
  91  8:10  Assimilator  
  91  8:12  Pylon  
  91  8:13  Assimilator  
  91  8:16  Pylon  
  91  8:17  Pylon  
  91  8:18  Flux Vanes  
  91  8:20  Photon Cannon, Probe x2  
  91  8:23  Photon Cannon  
  91  8:24  Photon Cannon  
  105  8:27  Photon Cannon  
  105  8:29  Photon Cannon, Void Ray x3  
  105  8:30  Photon Cannon  
  105  8:32  Probe  
  106  8:39  Protoss Shields Level 1 (Chrono Boost)  
  106  8:43  Probe  
  106  8:48  Probe  
  113  9:19  Probe x2  
  113  9:21  Void Ray x2  
  112  9:30  Void Ray  
  124  10:18  Void Ray x3  
  124  10:19  Probe  
  129  10:25  Void Ray  
  117  11:01  Void Ray  
  125  11:16  Void Ray (Chrono Boost)  
  125  11:17  Void Ray (Chrono Boost)  
  127  11:19  Probe (Chrono Boost)  
  127  11:21  Probe (Chrono Boost)  
  131  11:32  Probe (Chrono Boost)  
  112  11:44  Void Ray (Chrono Boost)  
  116  11:48  Void Ray (Chrono Boost)  
  120  11:54  Void Ray (Chrono Boost)  
  120  11:59  Gateway  
  120  12:01  Gateway x2  
  120  12:03  Gateway  
  120  12:05  Gateway  
  120  12:07  Gateway  
  120  12:08  Probe (Chrono Boost)  
  122  12:09  Gateway  
  122  12:10  Probe (Chrono Boost)  
  122  12:12  Gateway  
  122  12:14  Gateway  
  122  12:16  Gateway  
  122  12:18  Gateway  
  122  12:20  Probe (Chrono Boost)  
  122  12:21  Probe (Chrono Boost)  
  124  12:23  Gateway  
  124  12:28  Probe  
  125  12:30  Cybernetics Core, Probe  
  125  12:35  Pylon  
  126  12:40  Pylon, Probe  
  126  12:42  Probe  
  128  12:51  Stalker x2  
  128  12:53  Probe  
  141  13:00  Void Ray x2 (Chrono Boost)  
  141  13:04  Mothership  
  149  13:14  Stalker  
  149  13:17  Probe  
  149  13:19  Stalker  
  150  13:20  Stalker  
  150  13:21  Stalker x2  
  150  13:25  Stalker  
  160  13:32  Stalker  
  164  13:53  Protoss Air Weapons Level 2  
  152  14:08  Stalker  
  152  14:09  Stalker x8  
  131  14:59  Stalker  
  119  15:00  Stalker x10  
  130  15:19  Probe  
  129  15:30  Stalker  
  135  15:38  Void Ray  
  135  15:52  Stalker  
  135  15:53  Stalker x3  
  135  15:54  Nexus  
  143  15:57  Protoss Ground Weapons Level 1 (Chrono Boost)  
  143  15:58  Probe  
  143  15:59  Assimilator x2  
  122  16:29  Stalker x5  
  132  16:40  Stalker  
  137  16:47  Void Ray  
  137  16:51  Probe x2  
  138  17:03  Probe  
  138  17:04  Probe  
  129  17:18  Stalker  
  129  17:19  Stalker x6  
  143  17:29  Probe x2  
  134  17:44  Stalker  
  90  18:00  Stalker  
  90  18:01  Stalker x5  
  92  18:06  Probe  
  92  18:07  Probe  
  94  18:29  Probe  
  94  18:30  Nexus  
  81  19:10  Stalker  
  81  19:11  Stalker x4  
  91  19:22  Stalker  
  93  19:39  Void Ray  
  93  19:42  Probe x2  
  92  20:05  Stalker  
  92  20:06  Stalker  
Show
View Real Time Build Order
Export as new Build Order

Toschi Zerg 

Build Orders: Pool First 

Get SALT Encoding   

  12  0:01  Drone  
  13  0:12  Drone  
  14  0:32  Spawning Pool  
  13  0:36  Drone  
  13  0:39  Overlord  
  14  0:54  Extractor  
  14  0:55  Drone  
  14  0:57  Drone  
  15  1:12  Drone x2  
  17  1:32  Queen, Extractor  
  16  1:34  Drone  
  16  1:35  Drone  
  20  1:44  Drone  
  21  2:07  Drone  
  22  2:09  Overlord  
  22  2:17  Overlord  
  22  2:30  Hatchery  
  22  2:33  Hatchery  
  20  2:54  Drone x2  
  20  2:57  Drone x2  
  24  2:59  Lair  
  24  3:00  Metabolic Boost  
  24  3:10  Overlord  
  24  3:11  Overlord  
  24  3:34  Drone x2  
  24  3:35  Drone x2  
  28  3:45  Queen  
  28  3:46  Queen  
  32  3:58  Roach Warren  
  31  4:07  Nydus Network  
  30  4:16  Hydralisk Den  
  29  4:32  Drone  
  29  4:33  Drone x2  
  32  4:42  Roach  
  32  4:43  Roach x3  
  40  4:48  Nydus Canal  
  40  5:01  Hydralisk x2  
  40  5:03  Zergling x2  
  45  5:15  Grooved Spines  
  45  5:20  Drone x2  
  35  5:35  Overseer  
  35  5:37  Drone  
  35  5:38  Drone x2  
  38  5:44  Drone x2  
  38  5:45  Drone  
  38  5:49  Extractor  
  40  5:51  Extractor  
  40  5:53  Drone  
  40  5:54  Drone x3  
  40  5:56  Drone  
  44  6:00  Drone x2  
  46  6:19  Infestation Pit  
  46  6:22  Burrow  
  46  6:25  Drone x3  
  48  6:27  Muscular Augments  
  48  6:40  Overseer  
  48  6:41  Overseer  
  48  6:48  Drone x3  
  48  6:49  Drone x2  
  49  7:01  Hydralisk  
  49  7:02  Hydralisk x5  
  57  7:15  Queen  
  59  7:23  Drone x3  
  62  7:32  Pneumatized Carapace  
  62  7:37  Overseer  
  62  7:56  Overseer  
  60  8:14  Drone x2  
  60  8:18  Hydralisk  
  60  8:19  Hydralisk  
  66  8:24  Overlord x2  
  66  8:25  Overlord x5  
  66  8:27  Overlord  
  66  8:28  Overlord x3  
  66  8:31  Overlord x2  
  66  8:50  Overseer  
  66  8:56  Drone x2  
  66  8:57  Drone  
  66  9:02  Hive  
  69  9:10  Hydralisk x9  
  69  9:13  Hydralisk x2  
  91  9:24  Overseer  
  91  9:26  Evolution Chamber  
  91  9:27  Evolution Chamber  
  91  9:29  Evolution Chamber  
  88  9:46  Nydus Canal  
  52  11:17  Roach  
  52  11:18  Roach x13  
  76  11:21  Roach x5  
  76  11:22  Roach x2  
  70  12:03  Drone  
  70  12:04  Drone x4  
  75  12:09  Zergling x2  
  75  12:10  Zergling x4  
  78  12:16  Roach x12  
  78  12:17  Zerg Ground Armor Level 1, Zerg Missile Weapons Level 1  
  78  12:22  Lair  
  78  12:27  Hydralisk Den  
  77  12:30  Nydus Network  
  77  12:33  Roach Warren  
  75  12:42  Adrenal Glands  
  75  13:07  Hatchery  
  74  13:16  Nydus Canal  
  74  13:19  Zerg Melee Weapons Level 1  
  74  13:21  Ravager x10  
  74  13:22  Ravager x2  
  86  13:31  Queen  
  54  14:08  Hydralisk  
  54  14:09  Hydralisk x8  
  64  14:12  Hydralisk x2  
  64  14:13  Hydralisk  
  66  14:23  Glial Reconstitution  
  66  14:37  Drone  
  66  14:53  Hatchery  
  65  15:04  Drone  
  65  15:08  Hydralisk  
  65  15:09  Hydralisk x5  
  77  15:30  Drone x13  
  77  15:32  Hatchery  
  76  15:39  Zerg Missile Weapons Level 2, Zerg Melee Weapons Level 2  
  76  15:40  Zerg Ground Armor Level 2  
  76  15:41  Tunneling Claws  
  76  15:47  Hydralisk x5  
  82  16:30  Nydus Canal  
  82  16:39  Drone x5  
  85  17:21  Queen  
  77  17:48  Drone x3  
  77  17:51  Drone x3  
  84  17:58  Drone x3  
  84  18:01  Extractor  
  85  18:11  Spawning Pool  
  84  18:22  Hatchery  
  84  18:24  Hatchery  
  82  18:36  Hydralisk  
  82  18:37  Hydralisk x2  
  88  18:41  Lurker Den, Extractor  
  88  18:42  Hatchery  
  88  18:46  Extractor  
  55  19:29  Drone  
  55  19:30  Drone  
  53  19:48  Hatchery  
  52  19:56  Hydralisk  
  52  19:57  Hydralisk x9  
  72  20:06  Hive  
  71  20:16  Overseer  
  65  20:52  Hydralisk  
  65  20:53  Hydralisk x8  
  65  20:55  Hydralisk  
  65  20:56  Hydralisk x2  
  89  21:32  Hatchery  
  86  22:09  Overseer  
  38  22:46  Drone x2  
  38  22:48  Drone x3  
  68  22:52  Zerg Melee Weapons Level 3  
  68  22:53  Zerg Missile Weapons Level 3, Zerg Ground Armor Level 3  
  68  23:00  Extractor  
  68  23:01  Extractor  
  66  23:07  Queen  
  66  23:08  Queen  
  66  23:09  Hatchery, Queen  
  71  23:18  Adaptive Talons  
  71  23:23  Nydus Network  
  70  23:39  Hydralisk x3  
  70  24:15  Seismic Spines  
  62  24:39  Swarm Host  
  62  24:40  Swarm Host  
  119  26:29  Hydralisk x2  
  119  26:30  Hydralisk  
  125  27:13  Lurker  
  126  27:17  Overlord x3  
  126  27:36  Lurker  
  127  27:37  Lurker  
  128  27:56  Queen x3  
Show
View Real Time Build Order
Export as new Build Order

shadowstrike Zerg 

Build Orders: Pool Only 

Get SALT Encoding   

  12  0:27  Spawning Pool  
  11  0:36  Extractor  
  11  0:39  Drone x2, Extractor  
  11  0:40  Drone  
  12  0:51  Overlord  
  12  1:03  Drone  
  13  1:12  Drone  
  14  1:27  Lair  
  14  1:34  Drone  
  15  2:10  Drone x3  
  18  2:53  Infestation Pit, Drone x2  
  18  2:54  Drone  
  20  3:07  Overlord  
  20  3:25  Nydus Network  
  19  3:28  Drone  
  19  3:29  Drone  
  19  3:31  Hive  
  21  3:38  Drone  
  22  3:49  Overlord  
  22  4:44  Ultralisk Cavern  
  9  5:46  Drone x3  
  12  5:58  Extractor  
  12  6:02  Ultralisk  
  17  6:20  Ultralisk  
  17  6:23  Overseer  
  17  6:25  Pneumatized Carapace  
  20  6:46  Extractor  
  19  7:00  Drone  
  19  7:01  Drone  
  21  7:06  Ultralisk  
  33  7:15  Ultralisk  
  33  8:09  Overlord x2  
  33  8:15  Drone  
  34  8:56  Overseer  
  34  9:19  Overseer  
  34  9:27  Overseer  
  34  10:26  Nydus Canal  
  34  10:31  Ultralisk  
  34  10:32  Ultralisk  
  40  11:50  Ultralisk  
  40  11:53  Overlord  
  46  12:59  Overseer  
  46  13:03  Ultralisk  
  34  15:09  Overseer  
Show
View Real Time Build Order
Export as new Build Order

Milktooth Protoss 

Build Orders:  

Get SALT Encoding   

  12  0:07  Probe  
  13  0:18  Pylon  
  13  0:21  Probe (Chrono Boost)  
  14  0:33  Probe (Chrono Boost)  
  15  0:39  Forge  
  15  0:45  Probe  
  16  0:58  Probe  
  17  1:04  Pylon  
  17  1:36  Pylon  
  17  1:47  Pylon  
  17  2:06  Pylon  
  17  2:19  Photon Cannon  
  17  2:24  Photon Cannon  
  17  2:31  Pylon  
  17  2:45  Photon Cannon  
  17  2:50  Photon Cannon  
  16  3:07  Probe  
  17  3:29  Probe  
  18  3:41  Probe  
  19  3:45  Nexus  
  19  3:47  Assimilator  
  19  3:51  Assimilator  
  19  3:53  Probe  
  20  4:05  Pylon, Probe  
  21  4:17  Probe  
  22  4:29  Probe  
  23  4:41  Probe  
  23  4:42  Photon Cannon  
  23  4:43  Photon Cannon  
  24  4:52  Gateway  
  24  4:54  Probe  
  24  4:58  Probe  
  26  5:07  Probe  
  27  5:09  Pylon  
  27  5:10  Probe  
  27  5:11  Pylon  
  7  5:23  Probe  
  8  5:35  Probe  
  9  5:41  Photon Cannon  
  9  5:44  Photon Cannon  
  9  5:49  Probe (Chrono Boost)  
  10  5:50  Pylon, Probe (Chrono Boost)  
  10  5:54  Pylon  
  11  6:01  Probe (Chrono Boost)  
  11  6:02  Probe (Chrono Boost)  
  13  6:09  Probe (Chrono Boost)  
  14  6:16  Probe  
  15  6:21  Photon Cannon  
  15  6:28  Probe  
  16  6:35  Cybernetics Core  
  16  6:41  Probe (Chrono Boost)  
  18  6:50  Probe (Chrono Boost)  
  18  6:51  Probe (Chrono Boost)  
  19  7:02  Probe  
  19  7:03  Probe  
  19  7:04  Photon Cannon  
  21  7:15  Probe (Chrono Boost)  
  23  7:16  Probe (Chrono Boost)  
  23  7:24  Probe (Chrono Boost)  
  23  7:25  Probe (Chrono Boost)  
  25  7:36  Probe x2  
  16  7:37  Pylon  
  16  7:40  Pylon  
  16  7:48  Probe  
  17  7:53  Probe  
  18  7:59  Pylon  
  18  8:00  Probe  
  19  8:06  Pylon  
  19  8:13  Pylon  
  19  8:14  Probe  
  19  8:18  Probe  
  21  8:39  Pylon  
  21  8:43  Robotics Facility  
  21  8:45  Probe x2  
  23  8:57  Probe (Chrono Boost)  
  23  8:58  Probe (Chrono Boost)  
  25  9:09  Probe (Chrono Boost)  
  27  9:10  Probe (Chrono Boost)  
  27  9:16  Probe (Chrono Boost)  
  28  9:17  Probe (Chrono Boost)  
  28  9:23  Probe  
  28  9:24  Probe  
  31  9:37  Observer  
  32  9:44  Probe  
  32  9:45  Probe  
  34  9:57  Probe x2  
  36  10:09  Assimilator, Probe x2  
  36  10:10  Robotics Bay  
  36  10:11  Assimilator  
  38  10:15  Photon Cannon  
  38  10:19  Shield Battery  
  38  10:21  Shield Battery, Probe x2  
  40  10:33  Probe x2  
  42  10:41  Nexus  
  42  10:49  Photon Cannon  
  42  10:52  Photon Cannon  
  42  10:55  Photon Cannon  
  42  11:00  Photon Cannon  
  42  11:04  Photon Cannon  
  42  11:05  Probe  
  42  11:07  Photon Cannon  
  42  11:09  Probe  
  44  11:22  Disruptor  
  47  11:33  Robotics Facility  
  47  11:36  Robotics Facility x2  
  47  11:42  Robotics Facility  
  47  11:48  Protoss Shields Level 1  
  47  11:59  Forge  
  47  12:02  Photon Cannon  
  47  12:15  Disruptor  
  47  12:21  Disruptor  
  53  12:23  Disruptor  
  53  12:25  Disruptor  
  59  12:31  Disruptor  
  62  12:45  Probe x2  
  62  12:48  Probe  
  65  12:54  Assimilator  
  65  12:57  Probe x2  
  67  12:58  Assimilator  
  67  13:00  Probe  
  68  13:09  Probe x2  
  68  13:12  Probe  
  71  13:21  Probe x2  
  71  13:24  Probe  
  74  13:33  Probe  
  75  13:36  Probe  
  76  13:45  Probe  
  77  13:48  Probe  
  59  14:30  Colossus  
  86  14:54  Stalker  
  84  15:24  Stalker  
  84  15:47  Protoss Ground Weapons Level 1, Pylon  
  84  15:49  Protoss Ground Armor Level 1  
  84  15:54  Pylon  
  84  15:56  Colossus x2  
  84  15:58  Pylon x2  
  84  16:00  Pylon  
  84  16:02  Colossus x2  
  84  16:15  Colossus  
  90  16:22  Robotics Facility  
  90  16:24  Nexus  
  90  16:27  Robotics Facility x2  
  90  17:10  Colossus  
  90  17:11  Colossus x3  
  90  17:12  Colossus  
  110  17:50  Colossus  
  117  18:22  Colossus  
  117  18:42  Pylon  
  117  18:44  Pylon  
  117  18:45  Pylon  
  117  18:46  Pylon  
  117  18:48  Pylon x2  
  117  18:50  Pylon  
  117  18:51  Pylon  
  117  18:59  Colossus  
  117  19:01  Colossus  
  129  19:02  Colossus x2  
  129  19:04  Colossus  
  129  19:05  Colossus  
  153  19:23  Nexus  
  76  19:48  Colossus  
  76  19:59  Colossus  
  82  20:06  Colossus  
  88  20:20  Twilight Council  
  88  20:35  Colossus  
  94  20:45  Observer  
  95  21:06  Observer  
Tags
 
Add a new tag
Caveats
  • Supply blocks, unpowered buildings, or Contaminate may cause inaccurate times.
  • Supply counts are checked every 10 seconds.